Map: Ulrena

Players

capac - Winner!

  • Race: Terran Terran
  • League: Gold

Xanom

  • Race: Zerg Zerg
  • League: Gold

VOD

Have the link to the VOD?

Description

Time

  • Played on: Feb. 18, 2016, 3:24 p.m.
  • Length: 11:50
Show
View Real Time Build Order
Export as new Build Order

capac Terran - Winner!

Build Orders: MMM Bio 

Get SALT Encoding   

  12  0:01  SCV  
  13  0:13  SCV  
  14  0:18  Supply Depot  
  14  0:25  SCV  
  15  0:39  SCV  
  15  0:42  Barracks  
  16  0:52  SCV  
  16  0:55  Refinery  
  17  1:04  SCV  
  18  1:16  SCV  
  19  1:28  SCV  
  20  1:38  Barracks Reactor, Command Center  
  20  1:48  Orbital Command  
  20  1:58  Supply Depot  
  20  2:12  Bunker  
  20  2:15  Marine x2  
  20  2:17  SCV  
  23  2:28  Barracks  
  24  2:30  SCV  
  24  2:39  Marine x2  
  26  2:50  SCV  
  27  2:54  Orbital Command  
  27  2:57  Marine x2  
  29  3:02  SCV  
  29  3:05  Factory  
  30  3:08  Refinery  
  30  3:24  Supply Depot  
  31  3:27  Marine x2, SCV  
  31  3:31  Barracks Tech Lab  
  33  3:38  SCV  
  33  3:39  SCV  
  35  3:48  Barracks  
  35  3:50  SCV  
  35  3:51  Factory Reactor  
  35  3:52  Marine  
  35  3:53  Starport  
  37  3:57  SCV  
  37  4:01  Marine  
  37  4:02  SCV  
  40  4:09  SCV  
  41  4:19  Marine x3  
  41  4:21  SCV  
  45  4:32  Supply Depot  
  45  4:40  Barracks Reactor  
  45  4:41  Marine x3  
  45  4:43  SCV x2  
  50  4:46  Command Center  
  50  4:47  Medivac x2  
  54  4:59  SCV  
  55  5:04  Supply Depot  
  55  5:05  SCV  
  56  5:07  Marine x3  
  56  5:09  Factory Tech Lab  
  56  5:12  Stimpack  
  59  5:28  Bunker, SCV  
  60  5:29  Marine x2, SCV  
  60  5:30  Marine  
  64  5:43  Marine x2  
  64  5:45  Siege Tank  
  64  5:47  Marine  
  70  5:54  Supply Depot  
  70  5:56  Engineering Bay  
  70  5:57  Marine x2, Medivac x2  
  70  5:58  Engineering Bay  
  70  6:04  Refinery x2  
  76  6:11  SCV x2  
  78  6:18  Siege Tank  
  81  6:23  Terran Infantry Weapons Level 1  
  81  6:26  Supply Depot  
  81  6:30  Supply Depot  
  81  6:35  SCV x2  
  81  6:38  Marine x3  
  81  6:39  Marine x2, Liberator  
  88  6:55  Siege Tank  
  88  6:56  Marine x3  
  97  7:07  SCV x2  
  99  7:08  Marine x2  
  99  7:14  Marine x3  
  104  7:17  Combat Shields  
  104  7:19  SCV  
  104  7:22  SCV  
  106  7:23  Liberator  
  106  7:27  Terran Infantry Armor Level 1, Siege Tank  
  109  7:35  Orbital Command  
  109  7:41  Marine x2  
  109  7:42  Marine x2  
  116  8:07  Marine  
  116  8:08  Marine x4  
  121  8:17  Siege Tank  
  124  8:22  Armory  
  124  8:23  Supply Depot  
  124  8:24  Supply Depot  
  124  8:25  Marine  
  124  8:26  Marine x3  
  128  8:29  Marine  
  130  8:34  SCV x3  
  132  8:43  Marine  
  132  8:44  Marine  
  132  8:46  SCV x3  
  133  9:02  SCV  
  128  9:03  SCV x2  
  116  9:28  Medivac x2  
  118  9:40  Marine x5  
  118  9:44  SCV x3  
  120  9:56  SCV x2  
  120  9:58  Marine x2  
  109  10:25  Marine x5  
  111  10:35  SCV  
  111  10:36  SCV x2  
  111  10:39  Refinery  
  111  10:40  Refinery  
  111  10:42  Marine x2  
  114  10:43  Marine x3  
  114  10:47  SCV  
  114  10:48  Barracks, SCV  
  121  10:50  Barracks x2  
  121  11:00  Marine x3  
  121  11:01  Marine x2  
  126  11:18  Marine  
  126  11:19  Marine x2  
  126  11:20  Marine x2  
Show
View Real Time Build Order
Export as new Build Order

Xanom Zerg 

Build Orders: Hatch First 

Get SALT Encoding   

  12  0:01  Drone  
  13  0:08  Drone  
  14  0:17  Overlord  
  14  0:36  Drone  
  14  0:37  Drone  
  16  0:43  Drone  
  17  0:55  Hatchery  
  17  0:56  Drone  
  17  1:04  Extractor, Drone  
  17  1:10  Drone  
  18  1:22  Spawning Pool  
  18  1:23  Drone  
  18  1:40  Drone  
  19  1:53  Drone x2  
  21  2:04  Drone  
  22  2:10  Queen x2  
  22  2:13  Overlord  
  26  2:24  Zergling x4  
  26  2:27  Metabolic Boost  
  28  2:34  Zergling x4  
  30  2:38  Zergling x2  
  30  2:41  Overlord  
  31  2:46  Zergling x2  
  32  3:04  Baneling Nest  
  26  3:34  Roach Warren  
  26  3:40  Lair  
  26  3:44  Hatchery, Zergling x2  
  26  3:45  Zergling x10  
  26  3:46  Drone x3  
  34  3:51  Zergling x2  
  34  3:52  Zergling x2  
  36  4:00  Extractor  
  35  4:21  Overlord  
  35  4:22  Overlord  
  35  4:36  Overlord  
  35  4:52  Extractor  
  34  4:54  Extractor  
  34  4:56  Queen  
  34  4:57  Drone  
  36  5:00  Drone x2  
  36  5:01  Drone  
  39  5:08  Spire  
  39  5:11  Spore Crawler  
  39  5:12  Drone x2, Spore Crawler  
  38  5:14  Drone  
  39  5:29  Roach x2  
  43  5:42  Roach x3  
  48  5:52  Drone x4  
  52  6:13  Ravager x4  
  52  6:14  Ravager  
  52  6:16  Overlord  
  57  6:22  Mutalisk x2  
  61  6:29  Drone x3  
  61  6:30  Extractor, Drone  
  64  6:40  Drone x3  
  67  6:49  Mutalisk  
  69  6:56  Drone x2  
  69  6:57  Mutalisk  
  73  7:19  Overlord x2  
  73  7:24  Overlord x2  
  73  7:25  Overlord  
  73  7:42  Evolution Chamber  
  72  7:46  Roach x2, Mutalisk x3  
  72  7:47  Evolution Chamber  
  78  8:02  Roach x3  
  78  8:03  Roach  
  86  8:14  Mutalisk, Drone x2  
  90  8:26  Roach  
  96  8:27  Roach x3  
  96  8:28  Ravager x2  
  96  8:29  Ravager  
  97  8:47  Roach x5  
  102  9:12  Hatchery  
  96  9:36  Mutalisk x2  
  96  9:37  Mutalisk x4  
  86  10:00  Mutalisk x2  
  90  10:08  Roach x3  
  88  10:22  Roach  
  88  10:23  Roach x2  
  88  10:26  Ravager x4  
  98  10:42  Spine Crawler  
  97  10:47  Spine Crawler, Mutalisk  
  98  10:58  Hydralisk Den  
  97  11:05  Mutalisk  
Tags
 
Composition
MMM Bio
League
GoldGold
Matchup
TvZ
Add a new tag
Caveats
  • Supply blocks, unpowered buildings, or Contaminate may cause inaccurate times.
  • Supply counts are checked every 10 seconds.